| TOP OF THE 1ST |
|
Boston (APP) Red Sox batting - Pitching for Pulaski Yankees : LHP Alex Ramirez
|
|
Pitching: LHP Alex Ramirez
|
|
|
Batting: RHB Kirk Cully
|
0-0: Called Strike 0-1: Called Strike 0-2: Ball 1-2: Ground out 4-3 (Groundball, 4, EV 88.8 MPH)
|
|
Batting: LHB Kien-lung Zou
|
0-0: Fly out, F3 (Line Drive, 34, EV 69.4 MPH)
|
|
Batting: RHB Joe Booth
|
0-0: Called Strike 0-1: Called Strike 0-2: Ball 1-2: Ball 2-2: Foul Ball, location: 2F 2-2: Fly out, F9 (Flyball, 89M, EV 81.2 MPH)
|
| Top of the 1st over - 0 runs, 0 hits, 0 errors, 0 left on base; Boston (APP) 0 - Pulaski 0 |
| BOTTOM OF THE 1ST |
|
Pulaski Yankees batting - Pitching for Boston (APP) Red Sox : LHP Tara Kawashima
|
|
Pitching: LHP Tara Kawashima
|
|
|
Batting: LHB Carlos Palau
|
0-0: SINGLE (Groundball, 4MD, EV 107.5 MPH)
|
|
Batting: RHB Paul Ngumi
|
0-0: Ball 1-0: Ball 2-0: Called Strike 2-1: Ball Wild Pitch! Carlos Palau to second 3-1: Swinging Strike 3-2: Strikes out swinging
|
|
Batting: LHB Justin Short
|
0-0: Called Strike 0-1: Ball 1-1: Ball 2-1: Called Strike 2-2: Ball 3-2: Ground out 6-3 (Groundball, 6S, EV 63.8 MPH) Carlos Palau to third
|
|
Batting: RHB Yasuoka Tsuda
|
0-0: Foul Ball, location: 2F 0-1: Ball 1-1: Foul Ball, location: 2F 1-2: Ball 2-2: Ball 3-2: Ground out 2-3 (Groundball, 15S, EV 70.6 MPH)
|
| Bottom of the 1st over - 0 runs, 1 hit, 0 errors, 1 left on base; Boston (APP) 0 - Pulaski 0 |
| TOP OF THE 2ND |
|
Boston (APP) Red Sox batting - Pitching for Pulaski Yankees : LHP Alex Ramirez
|
|
Batting: RHB Bakhtiar Asadov
|
0-0: Ball 1-0: Ball 2-0: Called Strike 2-1: Foul Ball, location: 2F 2-2: Ball 3-2: Ground out 6-3 (Groundball, 6, EV 81.9 MPH)
|
|
Batting: RHB Felix Rangel
|
0-0: Ball 1-0: Foul Ball, location: 2F 1-1: Ground out 1-3 (Groundball, 13S, EV 66.2 MPH)
|
|
Batting: RHB Eric Kent
|
0-0: TRIPLE (Line Drive, 89XD, EV 113.1 MPH)
|
|
Batting: SHB Matsudaira Ikeda
|
0-0: Ball 1-0: Foul Ball, location: 2F 1-1: Foul Ball, location: 2F 1-2: Ball 2-2: Foul Ball, location: 2F 2-2: Strikes out swinging
|
| Top of the 2nd over - 0 runs, 1 hit, 0 errors, 1 left on base; Boston (APP) 0 - Pulaski 0 |
| BOTTOM OF THE 2ND |
|
Pulaski Yankees batting - Pitching for Boston (APP) Red Sox : LHP Tara Kawashima
|
|
Batting: RHB Ken Stair
|
0-0: Fly out, F7 (Flyball, 78S, EV 90.0 MPH)
|
|
Batting: RHB Michael Patterson
|
0-0: Foul Ball, location: 2F 0-1: Ball 1-1: Swinging Strike 1-2: Strikes out swinging
|
|
Batting: RHB Tchaa Kombate
|
0-0: Ground out 5-3 (Groundball, 56, EV 85.0 MPH)
|
| Bottom of the 2nd over - 0 runs, 0 hits, 0 errors, 0 left on base; Boston (APP) 0 - Pulaski 0 |
| TOP OF THE 3RD |
|
Boston (APP) Red Sox batting - Pitching for Pulaski Yankees : LHP Alex Ramirez
|
|
Batting: RHB Mo Tsang
|
0-0: Called Strike 0-1: Ground out 4-3 (Groundball, 4MD, EV 107.5 MPH)
|
|
Batting: RHB Estevan Carrillo
|
0-0: Ball 1-0: Called Strike 1-1: Swinging Strike 1-2: Ball 2-2: Strikes out swinging
|
|
Batting: RHB Kirk Cully
|
0-0: Ball 1-0: Ball 2-0: Ball 3-0: Base on Balls
|
|
Batting: LHB Kien-lung Zou
|
0-0: Called Strike 0-1: Foul Ball, location: 2F 0-2: Foul Ball, location: 2F 0-2: SINGLE (Groundball, 34D, EV 98.8 MPH) Kirk Cully to second Runner from 2nd tries for 3rd, SAFE, throw by RF made at trailing runner, OUT! 9-6
|
| Top of the 3rd over - 0 runs, 1 hit, 0 errors, 1 left on base; Boston (APP) 0 - Pulaski 0 |
| BOTTOM OF THE 3RD |
|
Pulaski Yankees batting - Pitching for Boston (APP) Red Sox : LHP Tara Kawashima
|
|
Batting: SHB Dylan Best
|
0-0: Called Strike 0-1: Fly out, F4 (Popup, 13, EV 79.4 MPH)
|
|
Batting: RHB Mustafa bin Gamali
|
0-0: Ball 1-0: Fly out, F8 (Flyball, 8RD, EV 98.1 MPH)
|
|
Batting: LHB Carlos Palau
|
0-0: Ball 1-0: Swinging Strike 1-1: SINGLE (Line Drive, 56, EV 103.8 MPH)
|
|
Batting: RHB Paul Ngumi
|
0-0: Called Strike 0-1: Ball 1-1: SINGLE (Line Drive, 56D, EV 108.1 MPH) Carlos Palau to second
|
|
Batting: LHB Justin Short
|
0-0: Foul Ball, location: 2F 0-1: Foul Ball, location: 2F 0-2: Ball 1-2: Strikes out swinging
|
| Bottom of the 3rd over - 0 runs, 2 hits, 0 errors, 2 left on base; Boston (APP) 0 - Pulaski 0 |
| TOP OF THE 4TH |
|
Boston (APP) Red Sox batting - Pitching for Pulaski Yankees : LHP Alex Ramirez
|
|
Batting: RHB Joe Booth
|
0-0: SINGLE (Groundball, 34D, EV 108.8 MPH)
|
|
Batting: RHB Bakhtiar Asadov
|
0-0: Called Strike 0-1: Called Strike Joe Booth steals 2nd base 0-2: Ball 1-2: Ball 2-2: Foul Ball, location: 2F 2-2: Ball 3-2: Fly out, F2 (Popup, 25F, EV 93.1 MPH)
|
|
Batting: RHB Felix Rangel
|
0-0: Ball 1-0: Called Strike 1-1: Ball 2-1: Foul Ball, location: 2F 2-2: Ground out 3-1 (Groundball, 34, EV 89.4 MPH) Joe Booth to third
|
|
Batting: RHB Eric Kent
|
0-0: Reached on error, E6 (Groundball, 56, EV 96.9 MPH) Joe Booth scores
|
|
Batting: SHB Matsudaira Ikeda
|
0-0: Called Strike 0-1: Foul Ball, location: 2F 0-2: Ball 1-2: Ball Wild Pitch! Eric Kent to third 2-2: Foul Ball, location: 2F 2-2: Ball 3-2: SINGLE (Groundball, 4MD, EV 100.6 MPH) Eric Kent scores
|
|
Batting: RHB Mo Tsang
|
0-0: Ball 1-0: Called Strike Matsudaira Ikeda steals 2nd, throwing error, E2 Matsudaira Ikeda to third 1-1: Ball 2-1: Ground out 4-3 (Groundball, 4, EV 91.2 MPH)
|
| Top of the 4th over - 2 runs, 2 hits, 2 errors, 1 left on base; Boston (APP) 2 - Pulaski 0 |
| BOTTOM OF THE 4TH |
|
Pulaski Yankees batting - Pitching for Boston (APP) Red Sox : LHP Tara Kawashima
|
|
Batting: RHB Yasuoka Tsuda
|
0-0: Ball 1-0: Foul Ball, location: 2F 1-1: Foul Ball, location: 2F 1-2: Foul Ball, location: 2F 1-2: Strikes out swinging
|
|
Batting: RHB Ken Stair
|
0-0: Called Strike 0-1: Ball 1-1: Ball 2-1: Foul Ball, location: 2F 2-2: Foul Ball, location: 2F 2-2: Foul Ball, location: 2F 2-2: SOLO HOME RUN (Flyball, 78XD, EV 101.9 MPH), Distance : 412 ft
|
|
Batting: RHB Michael Patterson
|
0-0: Called Strike 0-1: Ball 1-1: Ball 2-1: Swinging Strike 2-2: Ball 3-2: SINGLE (Line Drive, 7LS, EV 108.1 MPH)
|
|
Batting: RHB Tchaa Kombate
|
0-0: Called Strike 0-1: Ball 1-1: Fielders Choice at 2nd, 4-6 (Groundball, 4, EV 83.8 MPH)
|
|
Batting: SHB Dylan Best
|
0-0: Ball 1-0: Ground out 4-3 (Groundball, 4, EV 103.8 MPH)
|
| Bottom of the 4th over - 1 run, 2 hits, 0 errors, 1 left on base; Boston (APP) 2 - Pulaski 1 |
| TOP OF THE 5TH |
|
Boston (APP) Red Sox batting - Pitching for Pulaski Yankees : LHP Alex Ramirez
|
|
Batting: RHB Estevan Carrillo
|
0-0: Swinging Strike 0-1: Foul Ball, location: 2F 0-2: Foul Ball, location: 2F 0-2: Ball 1-2: Strikes out swinging
|
|
Batting: RHB Kirk Cully
|
0-0: Called Strike 0-1: Swinging Strike 0-2: Ball 1-2: Strikes out swinging
|
|
Batting: LHB Kien-lung Zou
|
0-0: Ball 1-0: Ball 2-0: Called Strike 2-1: Foul Ball, location: 2F 2-2: Strikes out swinging
|
| Top of the 5th over - 0 runs, 0 hits, 0 errors, 0 left on base; Boston (APP) 2 - Pulaski 1 |
| BOTTOM OF THE 5TH |
|
Pulaski Yankees batting - Pitching for Boston (APP) Red Sox : LHP Tara Kawashima
|
|
Batting: RHB Mustafa bin Gamali
|
0-0: Ball 1-0: Ball 2-0: Ground out 4-3 (Groundball, 4S, EV 85.6 MPH)
|
|
Batting: LHB Carlos Palau
|
0-0: Ball 1-0: Ball 2-0: Ball 3-0: Called Strike 3-1: Foul Ball, location: 2F 3-2: Foul Ball, location: 2F 3-2: Ground out 3-1 (Groundball, 34, EV 91.9 MPH)
|
|
Batting: RHB Paul Ngumi
|
0-0: Ball 1-0: Foul Ball, location: 2F 1-1: SINGLE (Line Drive, 9S, EV 104.4 MPH)
|
|
Batting: LHB Justin Short
|
0-0: Ball 1-0: TRIPLE (Flyball, 9LD, EV 110.0 MPH) Paul Ngumi scores
|
|
Batting: RHB Yasuoka Tsuda
|
0-0: Ball 1-0: Called Strike 1-1: Foul Ball, location: 2F 1-2: Ball 2-2: Foul Ball, location: 2F 2-2: Ground out 4-3 (Groundball, 4, EV 99.4 MPH)
|
| Bottom of the 5th over - 1 run, 2 hits, 0 errors, 1 left on base; Boston (APP) 2 - Pulaski 2 |
| TOP OF THE 6TH |
|
Boston (APP) Red Sox batting - Pitching for Pulaski Yankees : LHP Alex Ramirez
|
|
Pitching: RHP Eric Patrick
|
|
|
Batting: RHB Joe Booth
|
0-0: Called Strike 0-1: Ball 1-1: SINGLE (Line Drive, 8LS, EV 98.8 MPH)
|
|
Batting: RHB Bakhtiar Asadov
|
0-0: Ball Wild Pitch! Joe Booth to second 1-0: Called Strike 1-1: Foul Ball, location: 2F 1-2: Strikes out swinging
|
|
Pinch Hitting: LHB Javier Cajina
|
0-0: Called Strike 0-1: Ball 1-1: Ball 2-1: Ball 3-1: Called Strike 3-2: Foul Ball, location: 2F 3-2: Ground out 4-3 (Groundball, 4, EV 84.4 MPH) Joe Booth to third
|
|
Pinch Hitting: SHB Arihito Hiramoto
|
0-0: Called Strike 0-1: Swinging Strike 0-2: DOUBLE (Flyball, 78D, EV 105.6 MPH) Joe Booth scores
|
|
Batting: SHB Matsudaira Ikeda
|
0-0: Ground out 4-3 (Groundball, 4, EV 102.5 MPH)
|
| Top of the 6th over - 1 run, 2 hits, 0 errors, 1 left on base; Boston (APP) 3 - Pulaski 2 |
| BOTTOM OF THE 6TH |
|
Pulaski Yankees batting - Pitching for Boston (APP) Red Sox : LHP Tara Kawashima
|
|
Pitching: LHP Jessie Leslie
|
|
|
Now at 2B: Stanislav Parusov
|
|
|
Now in RF: Mike Hutcheson
|
|
|
Batting: RHB Ken Stair
|
0-0: Called Strike 0-1: Ball 1-1: Ball 2-1: Ball 3-1: Base on Balls
|
|
Batting: RHB Michael Patterson
|
0-0: Called Strike 0-1: Foul Ball, location: 2F 0-2: Ground out 5-3 (Groundball, 56, EV 83.8 MPH) Ken Stair to second
|
|
Batting: RHB Victor Garcia
|
0-0: Foul Ball, location: 2F 0-1: Ball 1-1: Swinging Strike 1-2: Strikes out swinging
|
|
Batting: SHB Dylan Best
|
0-0: Ball 1-0: Ground out 5-3 (Groundball, 56, EV 85.6 MPH)
|
| Bottom of the 6th over - 0 runs, 0 hits, 0 errors, 1 left on base; Boston (APP) 3 - Pulaski 2 |
| TOP OF THE 7TH |
|
Boston (APP) Red Sox batting - Pitching for Pulaski Yankees : RHP Eric Patrick
|
|
Batting: RHB Mo Tsang
|
0-0: Ball 1-0: Ball 2-0: Ball 3-0: Foul Ball, location: 2F 3-1: Base on Balls
|
|
Batting: RHB Estevan Carrillo
|
0-0: Fielders Choice at 2nd, 6-4 (Groundball, 6, EV 101.2 MPH)
|
|
Batting: RHB Kirk Cully
|
0-0: Fielders Choice at 2nd, 3-6 (Groundball, 3, EV 91.2 MPH)
|
|
Batting: LHB Kien-lung Zou
|
0-0: Ball Kirk Cully steals 2nd base 1-0: Ball 2-0: Called Strike 2-1: Ball Wild Pitch! Kirk Cully to third 3-1: Foul Ball, location: 2F 3-2: Strikes out swinging
|
| Top of the 7th over - 0 runs, 0 hits, 0 errors, 1 left on base; Boston (APP) 3 - Pulaski 2 |
| BOTTOM OF THE 7TH |
|
Pulaski Yankees batting - Pitching for Boston (APP) Red Sox : LHP Jessie Leslie
|
|
Batting: RHB Mustafa bin Gamali
|
0-0: Ball 1-0: Ball 2-0: Foul Ball, location: 2F 2-1: Called Strike 2-2: Strikes out swinging
|
|
Batting: LHB Carlos Palau
|
0-0: Ball 1-0: Called Strike 1-1: Foul Ball, location: 2F 1-2: Strikes out swinging
|
|
Batting: RHB Paul Ngumi
|
0-0: Ball 1-0: Ground out 6-3 (Groundball, 6MS, EV 86.9 MPH)
|
| Bottom of the 7th over - 0 runs, 0 hits, 0 errors, 0 left on base; Boston (APP) 3 - Pulaski 2 |
| TOP OF THE 8TH |
|
Boston (APP) Red Sox batting - Pitching for Pulaski Yankees : RHP Eric Patrick
|
|
Batting: RHB Joe Booth
|
0-0: Ball 1-0: Ball 2-0: SOLO HOME RUN (Flyball, 7D, EV 96.2 MPH), Distance : 377 ft
|
|
Batting: RHB Bakhtiar Asadov
|
0-0: Ball 1-0: Foul Ball, location: 2F 1-1: Ball 2-1: SOLO HOME RUN (Flyball, 9LD, EV 94.4 MPH), Distance : 344 ft
|
|
Pitching: LHP Matt Cusatis
|
|
|
Batting: LHB Mike Hutcheson
|
0-0: Ball 1-0: DOUBLE (Flyball, 89XD, EV 106.2 MPH)
|
|
Batting: LHB Stanislav Parusov
|
0-0: Ball 1-0: Swinging Strike 1-1: Ball 2-1: Ball Balk! Mike Hutcheson to third 3-1: Base on Balls
|
|
Batting: SHB Matsudaira Ikeda
|
0-0: Ball 1-0: Swinging Strike 1-1: Called Strike 1-2: Ball 2-2: Foul Ball, location: 2F 2-2: Ground out 5-3 (Groundball, 56S, EV 71.2 MPH) Mike Hutcheson scores Stanislav Parusov to second
|
|
Batting: RHB Mo Tsang
|
0-0: Ground out 5-3 (Groundball, 56, EV 85.6 MPH)
|
|
Batting: RHB Estevan Carrillo
|
0-0: Called Strike 0-1: Foul Ball, location: 2F 0-2: Ground out 6-3 (Groundball, P, EV 82.5 MPH)
|
| Top of the 8th over - 3 runs, 3 hits, 0 errors, 1 left on base; Boston (APP) 6 - Pulaski 2 |
| BOTTOM OF THE 8TH |
|
Pulaski Yankees batting - Pitching for Boston (APP) Red Sox : LHP Jessie Leslie
|
|
Batting: LHB Justin Short
|
0-0: Swinging Strike 0-1: Ball 1-1: Foul Ball, location: 2F 1-2: Ball 2-2: Ball 3-2: SINGLE (Groundball, 5S, EV 75.6 MPH) (infield hit)
|
|
Batting: RHB Yasuoka Tsuda
|
0-0: Grounds into double play, 5-4-3 (Groundball, 56, EV 103.1 MPH)
|
|
Batting: RHB Ken Stair
|
0-0: Hit by Pitch
|
|
Batting: RHB Michael Patterson
|
0-0: Ball 1-0: Ground out 6-3 (Groundball, 6M, EV 86.9 MPH)
|
| Bottom of the 8th over - 0 runs, 1 hit, 0 errors, 1 left on base; Boston (APP) 6 - Pulaski 2 |
| TOP OF THE 9TH |
|
Boston (APP) Red Sox batting - Pitching for Pulaski Yankees : LHP Matt Cusatis
|
|
Pitching: RHP Matt Elliott
|
|
|
Batting: RHB Kirk Cully
|
0-0: Ball 1-0: Foul Ball, location: 2F 1-1: Foul Ball, location: 2F 1-2: Ball 2-2: Foul Ball, location: 2F 2-2: Strikes out swinging
|
|
Batting: LHB Kien-lung Zou
|
0-0: Called Strike 0-1: Ball 1-1: Fly out, F8 (Flyball, 8LXD, EV 97.5 MPH)
|
|
Batting: RHB Joe Booth
|
0-0: Called Strike 0-1: Swinging Strike 0-2: Strikes out swinging
|
| Top of the 9th over - 0 runs, 0 hits, 0 errors, 0 left on base; Boston (APP) 6 - Pulaski 2 |
| BOTTOM OF THE 9TH |
|
Pulaski Yankees batting - Pitching for Boston (APP) Red Sox : LHP Jessie Leslie
|
|
Batting: RHB Victor Garcia
|
0-0: Called Strike 0-1: Ball 1-1: Ball 2-1: Ground out U3 (Groundball, 34, EV 100.6 MPH)
|
|
Batting: SHB Dylan Best
|
0-0: Ball 1-0: TRIPLE (Flyball, 78XD, EV 101.2 MPH)
|
|
Pinch Hitting: LHB Chris Viehman
|
0-0: Ball 1-0: Reached on error, E4 (Groundball, 4, EV 90.6 MPH) Dylan Best scores
|
|
Pitching: RHP Jose Duran
|
|
|
Batting: LHB Carlos Palau
|
0-0: Foul Ball, location: 2F 0-1: Hit by Pitch Chris Viehman to second
|
|
Batting: RHB Paul Ngumi
|
0-0: Grounds into double play, 5-4-3 (Groundball, 56S, EV 85.6 MPH)
|
| Bottom of the 9th over - 1 run, 1 hit, 1 error, 1 left on base; Boston (APP) 6 - Pulaski 3 |
|